 Dungeon Crawl Stone Soup version 0.28.0-53-g5a82cb258f (webtiles) character file.

Game seed: 11830718175033578642

1912 Diggabert the Cudgeller (level 9, 0/65 (68) HPs)
             Began as a Human Fighter on July 4, 2022.
             Was a Follower of Okawaru.
             Slain by a wight
             ... wielding a +2 halberd
              (10 damage)
             ... on level 6 of the Dungeon.
             The game lasted 00:12:33 (6674 turns).

Diggabert the Cudgeller (Human Fighter)             Turns: 6674, Time: 00:12:33

HP:   0/65 (68)     AC: 14    Str: 21    XL:     9   Next: 39%
MP:   10/10         EV:  7    Int: 14    God:    Okawaru [*.....]
Gold: 225           SH:  5    Dex: 13    Spells: 8/8 levels left

rFire   . . .      SeeInvis .   y - +5 flail (vorpal)
rCold   + . .      Faith    .   c - +0 buckler
rNeg    . . .      Spirit   .   A - +2 chain mail {rC+}
rPois   .          Reflect  .   (no helmet)
rElec   .          Harm     .   E - +1 cloak
rCorr   .          Rampage  .   (no gloves)
Will    +....                   (no boots)
Stlth   ..........              (no amulet)
HPRegen 0.20/turn               n - ring of willpower
MPRegen 0.12/turn               o - +6 ring of intelligence

@: lightly drained
A: no striking features
a: Renounce Religion, Heroism


You were on level 6 of the Dungeon.
You worshipped Okawaru.
Okawaru was aware of your devotion.
You visited 2 branches of the dungeon, and saw 7 of its levels.
You also visited: Sewer.

You collected 225 gold pieces.

Inventory:

Hand Weapons
 y - a +5 vorpal flail (weapon)
Missiles
 h - a poisoned dart (quivered)
Armour
 c - a +0 buckler (worn)
 A - a +2 chain mail of cold resistance (worn)
 E - a +1 cloak (worn)
Jewellery
 n - a ring of willpower (left hand)
 o - a +6 ring of intelligence (right hand)
Scrolls
 a - a scroll of enchant weapon {unknown}
 b - a scroll of blinking {unknown}
 d - 3 scrolls of fear {unknown}
 i - a scroll of immolation {unknown}
 j - a scroll of torment {unknown}
 m - a scroll of noise {unknown}
 r - 2 scrolls of enchant armour {unknown}
 s - a scroll of silence {unknown}
 t - a scroll of brand weapon {unknown}
 w - a scroll of magic mapping {unknown}
 x - a scroll of amnesia {unknown}
 B - a scroll of teleportation {unknown}
 D - 2 scrolls of holy word {unknown}
Potions
 e - a potion of flight
 f - 5 potions of mutation
 g - a potion of haste
 k - a potion of heal wounds
 l - 2 potions of magic
 p - 2 potions of attraction {unknown}
 q - 2 potions of curing
 u - a potion of resistance {unknown}
 v - a potion of ambrosia {unknown}
 z - a potion of berserk rage {unknown}
 C - a potion of lignification {unknown}
 F - 2 potions of experience {unknown}


   Skills:
 * Level 5.6 Fighting
 * Level 7.7 Maces & Flails
 * Level 6.3 Armour
 * Level 5.3 Shields
 * Level 2.5 Invocations


You had 8 spell levels left.
You didn't know any spells.
Your spell library contained the following spells:

 Spells                   Type           Power      Damage    Failure   Level
 Apportation              Tloc           0%         N/A       96%         1
 Pain                     Necr           0%         1d4       96%         1
 Agony                    Necr           0%         N/A       100%        5
 Alistair's Intoxication  Tmut/Pois      0%         N/A       100%        5
 Excruciating Wounds      Necr           0%         N/A       100%        5


Dungeon Overview and Level Annotations

Branches:
Dungeon (6/15)             Temple (1/1) D:5           Sewer (visited)

Altars:
Ashenzari
Cheibriados
Dithmenos
Elyvilon
Fedhas
Gozag
Hepliaklqana
Kikubaaqudgha
Makhleb
Nemelex Xobeh
Okawaru
Qazlal
Ru
Trog
Uskayaw
Wu Jian
Yredelemnul
Zin
The Shining One

Shops:
D:4 ?

Annotations:
D:5 fingers's ghost, novice TrFi


Message History

The wight is almost destroyed.
You block the wight's attack.
You barely miss the wight.
The wight is almost destroyed.
The wight barely misses you. The wight hits you but does no damage.
You barely miss the wight.
The wight is almost destroyed.
You block the wight's attack. The wight hits you with a +0 war axe!
You thump the wight!
You destroy the wight!
Okawaru accepts your kill. The wight hits you but does no damage.
The hound bites you but does no damage.
The wight hits you from afar with a +2 halberd!
You feel drained.
You closely miss the hound. The hound bites you but does no damage.
The wight hits you but does no damage.
You sock the hound!
The hound is almost dead.
The hound closely misses you. The hound bites you.
The wight hits you from afar with a +2 halberd.
You are too injured to fight recklessly!
You are too injured to fight recklessly!
You are too injured to fight recklessly!
You are too injured to fight recklessly!
You hit the hound.
You kill the hound!
Okawaru accepts your kill. The wight barely misses you.
Your life force feels restored.
You closely miss the wight. The wight hits you but does no damage.
The wight hits you from afar with a +2 halberd!
You feel drained.
You closely miss the wight. The wight hits you with a +0 flail.
The wight hits you from afar with a +2 halberd!
* * * LOW HITPOINT WARNING * * *
You feel drained.
* * * LOW HITPOINT WARNING * * *
You barely miss the wight. The wight hits you but does no damage.
The wight hits you from afar with a +2 halberd!
You die...

#......#..........#
.#####......#..#######.#
............#...# #.#
............#..## #.#
............#..#######.#
............#....(...#.#
......z.....#.......<..# ..
#z################ #.
#@##.............. ###.
#.##.#############
...#####.##.# ..
..........>##### ...
#.####..#......#
..(.##.####..#......#
.............#.....)#
###.##..###.##......#########
#.......+......'........


You could see 2 wights.

Vanquished Creatures
  Sigmund (D:4)
  2 water moccasins (D:5)
  Duvessa (D:6)
  An ice beast (D:5)
  Pargi (Sewer)
  An orc warrior (D:5)
  2 ogres (D:5)
  A centaur (D:5)
  Blork the orc (D:4)
  A water moccasin skeleton (D:5)
  Dowan (D:6)
  3 wights (D:6)
  A howler monkey (D:6)
  A bullfrog zombie (D:5)
  A hound (D:6)
  4 bullfrog skeletons (D:5)
  An orc priest (D:5)
  A jelly (D:5)
  Crazy Yiuf (D:3)
  A centaur skeleton (D:5)
  2 iguanas (D:5)
  An orc wizard (D:5)
  A hound zombie (D:5)
  A hound skeleton (D:4)
  A howler monkey skeleton (D:4)
  4 adders
  8 river rats (D:5)
  A shadow imp (D:5)
  An ufetubus (D:4)
  2 adder skeletons
  2 worms (D:3)
  A dart slug (D:3)
  6 orcs
  7 ball pythons
  4 bats
  2 endoplasms (D:3)
  2 giant cockroaches (D:2)
  6 goblins
  4 hobgoblins
  11 quokkas
  9 frilled lizards
  7 kobolds
  19 rats
129 creatures vanquished.

Notes
Turn   | Place    | Note
-------+----------+-------------------------------------------
     0 | D:1      | Diggabert the Human Fighter began the quest for the Orb.
     0 | D:1      | Reached XP level 1. HP: 18/18 MP: 1/1
   430 | D:1      | Found a faded altar of an unknown god.
   518 | D:1      | Reached XP level 2. HP: 22/24 MP: 2/2
  1336 | D:2      | Reached XP level 3. HP: 7/29 MP: 3/3
  2551 | D:3      | Found a broken altar of Ashenzari.
  2589 | D:3      | Reached XP level 4. HP: 29/35 MP: 4/4
  3114 | D:3      | Found a runed translucent door.
  3115 | D:3      | Noticed Crazy Yiuf
  3339 | D:3      | Killed Crazy Yiuf
  3340 | D:3      | Reached skill level 3 in Maces & Flails
  3413 | D:4      | Reached XP level 5. HP: 40/41 MP: 5/5
  3531 | D:4      | Noticed Sigmund
  3555 | D:4      | Killed Sigmund
  3556 | D:4      | Reached skill level 4 in Maces & Flails
  3556 | D:4      | Reached XP level 6. HP: 40/48 MP: 6/6
  3615 | D:4      | Found a glowing drain.
  3627 | Sewer    | Entered a sewer
  3656 | Sewer    | Noticed Pargi
  3669 | Sewer    | Killed Pargi
  3670 | Sewer    | Reached XP level 7. HP: 44/54 MP: 7/7
  3916 | D:4      | Noticed Blork the orc
  3927 | D:4      | Killed Blork the orc
  3947 | D:4      | Found Uxeaf's Magic Scroll Shoppe.
  4056 | D:4      | Found an ornate altar of the Wu Jian Council.
  4056 | D:4      | Found a faded altar of an unknown god.
  4064 | D:4      | Found a white marble altar of Elyvilon.
  4066 | D:4      | Found a blossoming altar of Fedhas.
  4068 | D:4      | Found a faded altar of an unknown god.
  4293 | D:5      | Entered Level 5 of the Dungeon
  4308 | D:5      | Reached skill level 5 in Maces & Flails
  4355 | D:5      | Noticed a water moccasin
  4362 | D:5      | Killed a water moccasin
  4602 | D:5      | Reached skill level 5 in Armour
  4726 | D:5      | Reached XP level 8. HP: 34/61 MP: 8/8
  4933 | D:5      | Found a staircase to the Ecumenical Temple.
  4943 | Temple   | Entered the Ecumenical Temple
  5052 | Temple   | Became a worshipper of Warmaster Okawaru
  5183 | D:5      | Reached skill level 6 in Maces & Flails
  5440 | D:5      | Reached skill level 1 in Invocations
  5520 | D:5      | Reached skill level 5 in Fighting
  5523 | D:5      | Reached * piety under Okawaru
  5829 | D:5      | Reached XP level 9. HP: 68/68 MP: 10/10
  5989 | D:5      | Reached skill level 7 in Maces & Flails
  5991 | D:5      | Found a runed translucent gate.
  5991 | D:5      | Found a runed translucent gate.
  5991 | D:5      | Found a runed translucent gate.
  5993 | D:5      | Found an opulent altar of Gozag.
  5996 | D:5      | Noticed fingers's ghost (novice TrFi)
  6154 | D:5      | Reached skill level 5 in Shields
  6493 | D:6      | Noticed Duvessa
  6494 | D:6      | Noticed Dowan
  6507 | D:6      | Killed Duvessa
  6513 | D:6      | Killed Dowan
  6674 | D:6      | Slain by a wight

Illustrated notes

Levels and vault maps discovered:
D:1:      eino_arrival_druids_welcome, layout_loops_corners,
          chequers_ecumenical_altar_grove
D:2:      layout_loops_ring, kennysheep_pointless_box
D:3:      layout_loops_ring, mainiacjoe_overflow_small_starburst, serial_glass,
          glass_columns_a, glass_columns_b, uniq_crazy_yiuf_cottage
D:4:      layout_cave_pools, chequers_temple_overflow_minitemple, serial_shops,
          kennysheep_mini, cheibrodos_sewer_entry_sluice, uniq_blork_the_orc,
          uniq_sigmund
D:5:      lemuel_ratsnest, layout_gridville, minmay_temple_entry_overgrown,
          ebering_ghost_gozag, guppyfry_early_orc_mine
D:6:      layout_basic, led_xom_imps, overflow_temple_1_default,
          chequers_garden, uniq_duvessa
Temple:   regret_index_temple_waves

Skill      XL: |  1  2  3  4  5  6  7  8  9 |
---------------+----------------------------+-----
Maces & Flails | 3 4 5 6 7 |  7.7
Armour         | 4 5 6 |  6.3
Fighting       | 4 5 |  5.6
Shields        | 4 5 |  5.3
Invocations    | 1 2 |  2.5

Action                   |  1- 3 |  4- 6 |  7- 9 || total
-------------------------+-------+-------+-------++-------
Melee: Flail             |   137 |    61 |   227 ||   425
Throw: Dart              |       |     1 |       ||     1
  Use: Potion            |       |     2 |     2 ||     4
       Scroll            |       |       |     7 ||     7
Armor: Scale mail        |    54 |       |       ||    54
       Chain mail        |    17 |    47 |   148 ||   212
Dodge: Dodged            |    62 |    20 |    83 ||   165
Block: Buckler           |    30 |    24 |    72 ||   126
